Cogmind - Beta 15 @@@ ROGUE MODE // 2025.07.06 @ 21:52:28 Player: Shoebillionaire Result: Destroyed by G-34 Mercenary with Small Laser Performance ------------- Evolutions (0) 0 Regions Visited (1) 200 Robots Destroyed (2) 10 Value Destroyed (81) 81 Prototype IDs (0) 0 Alien Tech Used (0) 0 Bonus (0) 0 TOTAL SCORE: 291 Bonus ------- None Cogmind --------- Core Integrity 0/250 Matter 275/350 Energy 50/100 System Corruption 0% Temperature Warm (100) Movement Treading (160) Location -10/Materials Parts ------- > --- POWER (1) -------- (None) > --- PROPULSION (2) --- Light Treads Light Treads > --- UTILITY (2) ------ Small Storage Unit Small Matter Pod > --- WEAPON (2) ------- Particle Gun > --- INVENTORY (8) ---- Small Matter Pod (0) Peak State ------------ > --- POWER ------------ Light Ion Engine > --- PROPULSION ------- Aluminum Leg Aluminum Leg > --- UTILITY ---------- Small Storage Unit Small Matter Pod > --- WEAPON ----------- Light Assault Rifle Light Assault Rifle > --- INVENTORY -------- Light Ion Engine Light Treads Light Treads Small Matter Pod EM Pulse Gun [Rating: 7] Favorites ----------- Power Light Ion Engine Engine Light Ion Engine Propulsion Aluminum Leg Treads Light Treads Leg Aluminum Leg Utility Small Storage Unit Storage Small Storage Unit Weapon Light Assault Rifle Energy Gun EM Pulse Gun Ballistic Gun Light Assault Rifle Build | -11 -10 ------- Run | Yrd Mat Slots Evolved . | . . Power . | . . Propulsion . | . . Utility . | . . Weapon . | . . Parts Attached 12 | 8 4 Power 2 | 1 1 Engine 2 | 1 1 Core . | . . Reactor . | . . Propulsion 4 | 4 . Treads 2 | 2 . Leg 2 | 2 . Wheel . | . . Hover . | . . Flight . | . . Utility 2 | 1 1 Device . | . . Storage 2 | 1 1 Processor . | . . Hackware . | . . Protection . | . . Artifact . | . . Weapon 4 | 2 2 Energy Gun 2 | . 2 Energy Cannon . | . . Ballistic Gun 2 | 2 . Ballistic Cannon . | . . Launcher . | . . Special Weapon . | . . Impact Weapon . | . . Slashing Weapon . | . . Piercing Weapon . | . . Special Melee Weapon . | . . Unidentified Prototypes . | . . Parts Lost 7 | . 7 Power 2 | . 2 Propulsion 2 | . 2 Utility . | . . Weapon 3 | . 3 Highest Loss Streak 7 | . 7 To Critical Strikes . | . . Average Backups 4 | 3 4 Power . | . . Propulsion 1 | 1 2 Utility . | . . Weapon . | 1 . Tool/Special . | . . Unused Backups 1 | . 1 Power . | . . Propulsion . | . . Utility 1 | . 1 Weapon . | . . Tool/Special . | . . Average Slot Usage (%) 90 | . 90 Engine 11 | . 11 Treads 2 | . 2 Leg 25 | . 25 Storage 22 | . 22 Energy Gun 3 | . 3 Ballistic Gun 23 | . 23 Peak Build Rating 7 | 6 7 Average Rating 5 | 3 6 On Entrance 3 | . 6 Naked Turns . | . . Heaviest Build 11 | 10 11 Greatest Support 40 | 40 20 Greatest Overweight (x) . | . . Average Overweight (x) . | . . Largest Inventory Capacity 8 | 8 8 Average Capacity 6 | 5 8 Most Carried 6 | 5 6 Average Carried 4 | 3 4 Final Capacity 8 | 8 8 Final Carried 4 | 4 1 Class Distribution -------------------- 100% | Mutant Dominant Class ---------------- Mutant | -10/Materials Resources | -11 -10 ----------- Run | Yrd Mat Matter Collected 308 | 202 106 Remotely . | . . Salvage Created 105 | . 105 Parts 6 | . 6 Haulers Intercepted . | . . Recyclers Shooed . | . . Parts Field Recycled . | . . Retrieved Matter . | . . Parts Self-Destructed . | . . Prevented . | . . Kills | -11 -10 ------- Run | Yrd Mat Combat Hostiles Destroyed 2 | . 2 Guns 2 | . 2 Classes Destroyed 1 | . 1 Grunt 2 | . 2 Best Kill Streak 2 | . 2 Combat Bots Only 2 | . 2 Max Kills in Single Turn 1 | . 1 Gunslinging . | . . Exploded . | . . Melee . | . . Uniques/NPCs Destroyed . | . . Combat | -11 -10 -------- Run | Yrd Mat Hostile Shots Fired 81 | . 81 Missed 15 | . 15 Hits 66 | . 66 Projectile 66 | . 66 Critical Strikes 2 | . 2 Damage Taken 825 | . 825 Core 260 | . 260 Absorbed by Shields . | . . Core Remaining (%) 100 | 100 . Volleys Fired 12 | . 12 Largest 2 | . 2 Hottest 65 | . 65 Shots Fired 23 | . 23 Gun 23 | . 23 Cannon . | . . Launcher . | . . Special . | . . Kinetic 18 | . 18 Thermal 1 | . 1 Explosive . | . . Electromagnetic 4 | . 4 Robot Hit Streak 7 | . 7 Robot Miss Streak 3 | . 3 Penetration Max . | . . Secondary Targets 1 | . 1 Max Gunslinging Chain 1 | . 1 Shots Hit Robots 15 | . 15 Core Hits 5 | . 5 Critical Kills . | . . Critical Parts Destroyed . | . . Critical Strikes . | . . Melee Attacks . | . . Impact . | . . Slashing . | . . Piercing . | . . Sneak Attacks . | . . Combat Hostiles . | . . Follow-up Attacks . | . . Damage Inflicted 186 | . 186 Guns 186 | . 186 Cannons . | . . Explosions . | . . Melee . | . . Ramming . | . . Kinetic 120 | . 120 Thermal 16 | . 16 Explosive . | . . Electromagnetic 50 | . 50 Impact . | . . Slashing . | . . Piercing . | . . Highest Corruption . | . . Average Corruption . | . . Corruption Purged . | . . Corruption Blocked . | . . Overload Shots . | . . Overflow Damage . | . . Projectiles . | . . Explosions . | . . Melee . | . . Knockbacks . | . . Impact . | . . Kinetic . | . . Secondary . | . . Self-Inflicted Damage . | . . Shots . | . . Rammed . | . . Targets Rammed . | . . Kicked . | . . Crushed . | . . Highest Temperature 218 | . 218 Average Temperature 108 | . 108 Received Heat Transfer 492 | . 492 Siege Activations . | . . Martial Activations . | . . Shielding Activations . | . . Robots Disrupted . | . . Combat Hostiles . | . . Robots Corrupted . | . . Combat Hostiles . | . . Parts Fried . | . . Impact Corruptions . | . . Robots Melted . | . . Combat Hostiles . | . . Parts Melted 1 | . 1 Heat Transferred 37 | . 37 Parts Sabotaged . | . . Parts Stolen . | . . Parts Stripped . | . . Power Chain Reactions . | . . Alert | -11 -10 ------- Run | Yrd Mat Maximum Alert Level . | . . Low Security (%) 100 | 100 100 Level 1 . | . . Level 2 . | . . Level 3 . | . . Level 4 . | . . Level 5 . | . . High Security . | . . Max Security . | . . Peak Influence 30 | . 30 Initial . | . . Average . | . 1 Influence Increases 50 | . 50 Destroy 0b10 Robot/C 40 | . 40 Destroy Leader 10 | . 10 Influence Decreases 30 | . 30 Time Decay 10 | . 10 Lost Part 20 | . 20 Squads Dispatched 1 | . 1 Investigation . | . . Extermination . | . . Reinforcement 1 | . 1 Assault . | . . Garrison . | . . Intercept . | . . Searches Triggered . | . . Construction Impeded . | . . Haulers Reinforced . | . . Active Scanning Responses . | . . Cargo Convoy Interrupts . | . . Stealth | -11 -10 --------- Run | Yrd Mat Distress Signals . | . . Communications Jammed . | . . Distress Signals . | . . Times Spotted 7 | . 7 Peak Tracking Total 5 | . 5 Tactical Retreats . | . . Traps | -11 -10 ------- Run | Yrd Mat Traps Triggered . | . . Indirectly . | . . Trap Hack Attempts . | . . Triggered . | . . Disarmed . | . . Reprogrammed . | . . Reused . | . . Traps Extracted . | . . Installed . | . . Triggered . | . . Machines | -11 -10 ---------- Run | Yrd Mat Machines Disabled . | . . Max in Single Turn . | . . Machines Repaired . | . . Machines Dismantled . | . . Machines Sabotaged . | . . Overloaded Fab Kills . | . . Hacking | -11 -10 --------- Run | Yrd Mat Machines Accessed . | . . Terminals . | . . Fabricators . | . . Repair Stations . | . . Recycling Units . | . . Scanalyzers . | . . Garrison Access . | . . Total Hacks . | . . Successful . | . . Failed . | . . Catastrophic . | . . Database Lockouts . | . . Manual . | . . Terminals . | . . Fabricators . | . . Repair Stations . | . . Recycling Units . | . . Scanalyzers . | . . Garrison Access . | . . Terminal Hacks . | . . Fabricator Hacks . | . . Repair Station Hacks . | . . Recycling Unit Hacks . | . . Scanalyzer . | . . Garrison Access Hacks . | . . Unauthorized Hacks . | . . Terminals . | . . Fabricators . | . . Repair Stations . | . . Recycling Units . | . . Scanalyzers . | . . Garrison Access . | . . Data Cores Recovered . | . . Used . | . . Hacking Detections . | . . Full Trace Events . | . . Feedback Events . | . . Feedback Blocked . | . . Robot Schematics Acquired . | . . Robots Built . | . . Authchips . | . . Time . | . . Total Robot Build Rating . | . . Part Schematics Acquired . | . . Parts Built . | . . Authchips . | . . Time . | . . Total Part Build Rating . | . . Parts Repaired . | . . Time . | . . Parts Recycled . | . . Recycled Matter . | . . Retrieved Matter . | . . Retrieved Components . | . . Parts Scanalyzed . | . . Part Schematics Acquired . | . . Parts Damaged . | . . Bothacking | -11 -10 ------------ Run | Yrd Mat Used RIF Installer . | . . Robots Hacked . | . . Non-combat . | . . Combat . | . . Robot Hacks Applied . | . . Relay Couplers Released . | . . Fabnet Peak Effective % . | . . Robots Rewired . | . . Allies Hacked . | . . Hacks Repelled . | . . Allies | -11 -10 -------- Run | Yrd Mat Total Allies . | . . Largest Group . | . . Highest-Rated Group . | . . Highest-Rated Ally . | . . Total Orders . | . . Ally Attacks . | . . Total Damage . | . . Kills . | . . Allies Corrupted . | . . Allies Melted . | . . Intel | -11 -10 ------- Run | Yrd Mat Active Infowar (turns) . | . . Robot Analysis Total . | . . Derelict Logs Recovered . | . . Drone Launches . | . . Drone Recoveries . | . . Exploration | -11 -10 ------------- Run | Yrd Mat Turns Passed 169 | 60 109 Spaces Moved 93 | 38 55 Core 11 | 11 . Treads 6 | 6 . Legs 76 | 21 55 Wheels . | . . Hover . | . . Flight . | . . Fastest Speed 50 | 50 120 Average Speed 114 | 106 120 Slowest Speed 160 | 160 120 Overloaded Moves . | . . Propulsion Burnouts . | . . Robots Hopped . | . . Potential Cave-ins . | . . Cave-ins Triggered . | . . Exploration Rate (%) 10 | 5 15 Regions Visited 1 Branch Regions . Pre-discovered Areas . | . . Known Exits Taken . | . . Unknown Exits Taken 1 | 1 . Scrap Searched . | . . Spaces Dug . | . . Terrain Destroyed . | . . Melee . | . . Projectile . | . . AOE . | . . Terrain Rammed . | . . Walls Destroyed . | . . Machines Disabled . | . . Actions | -11 -10 --------- Run | Yrd Mat Total 134 | 55 79 Wait 3 | . 3 Move 92 | 37 55 Hop . | . . Pick Up 12 | 9 3 Fast Attach 1 | 1 . Attach 11 | 5 6 Detach . | . . Swap 3 | 3 . Drop . | . . Fire 12 | . 12 Melee . | . . Ram . | . . Kick . | . . Crush . | . . Escape Stasis . | . . Rewire . | . . Trap . | . . Miscellaneous . | . . Route ------- -11/Scrapyard -10/Materials History --------- Turn | Location | Event 5 | -11/Scrapyard | Discovered new exit (range 14) 61 | -11/Scrapyard | Entered Materials 150 | -10/Materials | Core integrity fell below 50% 164 | -10/Materials | Core integrity fell below 20% 170 | -10/Materials | Destroyed by G-34 Mercenary with Small Laser Last Messages --------------- K-01 Serf destroyed. G-47 Trooper destroyed. Acquired 46 matter. Lgt. Assault Rifle destroyed. Lgt. Ion Engine destroyed. Imp. Heat Sink melted. G-47 Trooper destroyed. Switching to secondary target: G-34 Mercenary. T-07 Excavator is excavating. EM Pulse Gun destroyed. Acquired Particle Gun. Aluminum Leg destroyed. K-01 Serf collects debris. Acquired 60 matter. Aluminum Leg destroyed. K-01 Serf collects debris. Lgt. Assault Rifle destroyed. T-07 Excavator is excavating. G-34 Mercenary destroyed. K-01 Serf collects debris. Map ----- +----------------------------------------------------+ | ?????????????????????????????????????? | | ?????????????????????????????????????? | | ?????????????????????????????????????? | | ?????????????????????????????????????? | | ?????????????????????????????????????? | | ?????????????????????????????????????? | | ?????????????????????????????????????? | | ?????????????????????????????????????? | | ?????????????????????????????????????? | | ?????????????????????????????????????? | | ?????????????????????????????????????? | | ?????????#####???????????????????????? | | ?????????# |??????????????????????? | | ?????????# ??????????????????????? | | ?????????+ ??????????????????????? | | ?????????? ??????????????????????? | | ?????????? ??????????????????????? | | ??????????# #??????????????????????? | | ??????????# #??????????????????????? | | ??????????# #??????????????????????? | | ???? ?????# #??????????????????????? | | ????"" ??## ##?????????????????????? | | ????"" ?# ##+####### r #????????? | | ?????? # =k t#???????? | | ???????? + T*gg #????????? | | ?????????# !@[g #????????? | | ?????????# ! *#######+??????????????? | | ?????????#####%#?????????????????????? | | ?????????????#o#?????????????????????? | | ?????????????# #?????????????????????? | | ?????????????# #?????????????????????? | | ?????????????# #?????????????????????? | | ?????????????# #?????????????????????? | | ????########## #?????????????????????? | | ????# # #?????????????????????? | | ????# # #?????????????????????? | | ????# # ###???????????????????? | | ????# # ###########?????????? | | ????# # # T #?????????? | | ????# # # #?????????? | | ????#= # + !! #?????????? | | ????# # # !! #?????????? | | ????# # # !! #?????????? | | ????####+##### # #?????????? | | ??????# # #?????????? | | ??????# # #?????????? | | ??????# ###########?????????? | | ??????# ########???????????????????? | | ??????# #??????????????????????????? | | ??????# #??????????????????????????? | +----------------------------------------------------+ Best States ------------- Heat Dissipation 25 Energy Generation 10 Energy Capacity 125 Matter Stores 275 Matter Capacity 350 Sight Range 16 Terrain Scan Density 10 Evasion (%) 55 Recoil Reduction 2 Item Schematics ----------------- None Robot Schematics ------------------ None Fabricated ------------ Nothing Repaired ---------- Nothing Alien Tech Used ----------------- None Achievements -------------- None Challenges ------------ None Game ------ Seed ArmoredPersonalMediator Manual? 0 Play Time 00:06:57 Cumulative 2.3 hours Start 2025.07.06 @ 21:38:11 End 2025.07.06 @ 21:52:28 Sessions 1 Manual Loads 0 Difficulty Rogue Special Mode None Game No. 4 Rogue 4 Adventurer 0 Explorer 0 Win Type - Total 0 Types 0/0/0/0/0/0/0/0/0/0 Lore% 0 Gallery% 4 Achievement% 4 Wizard Run 0 Options --------- Layout 1 ASCII 0 Keyboard 0 Movement Numpad Keybinds 0 Fullscreen 2 Font 32/Terminus Map View 50x35 Zoom Use 0% Tactical HUD 0 Map Filters NONE Filters NONE Steam 1 RUN: b2ebd998-05ee-4e62-adb3-a2656c32e1de